 Dungeon Crawl Stone Soup version 0.21.0-3-g78d12a8 (webtiles) character file.

65 mopl the Slasher (level 4, 0/26 HPs)
             Began as a Tengu Skald on Jan 8, 2018.
             Killed from afar by Terence (3 damage)
             ... with a wand of flame (18)
             ... on level 2 of the Dungeon.
             The game lasted 00:02:02 (1424 turns).

mopl the Slasher (Tengu Skald)                      Turns: 1424, Time: 00:02:02

Health: 0/26       AC:  3    Str: 12    XL:     4   Next: 13%
Magic:  5/8        EV: 12    Int: 13    God:
Gold:   127        SH:  0    Dex: 14    Spells: 2/7 levels left

rFire    . . .     SeeInvis .   a - +0 falchion
rCold    . . .     Gourm    .   (no shield)
rNeg     . . .     Faith    .   b - +0 leather armour
rPois    .         Spirit   .   (helmet restricted)
rElec    .         Reflect  .   (no cloak)
rCorr    .         Harm     .   (no gloves)
MR       +....                  (boots unavailable)
Stlth    +.........             (no amulet)
HPRegen  0.08/turn              l - ring of protection from magic
MPRegen  0.11/turn              (no ring)

@: infused
A: beak, talons 3
a: no special abilities


You were on level 2 of the Dungeon.
You were not hungry.

You visited 1 branch of the dungeon, and saw 2 of its levels.

You collected 127 gold pieces.

Inventory:

Hand Weapons
 a - a +0 falchion (weapon)
Armour
 b - a +0 leather armour (worn)
Jewellery
 l - a ring of protection from magic (left hand)
Scrolls
 g - a scroll of fear {unknown}
 i - a scroll of remove curse
 j - a scroll of random uselessness {unknown}
 p - a scroll of teleportation {unknown}
Potions
 e - a potion of might
 h - a potion of resistance
 k - a potion of curing
 n - 2 potions of heal wounds
Books
 c - a book of Battle

   Spells                             Type                      Level
   a - Infusion                       Charms                       1
   b - Shroud of Golubria             Charms/Translocation         2
   c - Song of Slaying                Charms                       2
   d - Spectral Weapon                Hexes/Charms                 3
   e - Regeneration                   Charms/Necromancy            3
Comestibles
 d - 2 rations
 o - 7 chunks of flesh


   Skills:
 - Level 2.0 Fighting
 * Level 4.7 Long Blades
 - Level 1.1 Armour
 - Level 2.1 Dodging
 - Level 2.0 Spellcasting
 - Level 2.4 Charms


You had 2 spell levels left.
You knew the following spells:

 Your Spells              Type           Power        Failure   Level  Hunger
a - Infusion              Chrm           #...         12%         1    ##.....
b - Song of Slaying       Chrm           #.......     19%         2    ###....
f - Shroud of Golubria    Chrm/Tloc      #.........   30%         2    ###....


Dungeon Overview and Level Annotations

Branches:
Dungeon (2/15)

Altars:

Annotations:
D:2 Terence


Innate Abilities, Weirdness & Mutations

You have a beak for a mouth.
You have claws for feet.


Message History

Space distorts slightly along a thin shroud covering your body.
You hit Terence but do no damage.
Terence zaps a wand.
The puff of flame hits you!
It is a wand of flame (18).
You hit Terence. You claw Terence.
Terence is moderately wounded.
Terence barely misses you.
You completely miss Terence. Your kick misses Terence.
Terence is moderately wounded.
Terence hits you with a mace!
* * * LOW HITPOINT WARNING * * *
You are too injured to fight recklessly!
You are too injured to fight recklessly!
You are too injured to fight recklessly!
You hit Terence.
Terence is moderately wounded.
Terence hits you with a mace.
* * * LOW HITPOINT WARNING * * *
Your shroud falls apart!
Terence zaps a wand.
The puff of flame hits you!
You die...

##### #####..
### #...##
......#
....#....
######.
........##
####.... #!...#
###.......
##.#.#
##...###.##
...#.#####
#..### #.#
..####..@..#
#.## #.# ...
#####@### #.#
#.# ..
#...####.# #.#
. ###.†..#.##
#.#
####....#####.#
#.........#.#
#>#######...#
#.# ##..### #.#
#.....# ##.#
#.....#


You could see Terence.

Vanquished Creatures
  2 adders (D:2)
  A worm (D:2)
  A dart slug (D:1)
  3 leopard geckos
  A giant cockroach (D:1)
  4 goblins (D:1)
  2 hobgoblins
  6 jackals
  4 bats
  7 frilled lizards (D:1)
  4 kobolds
  5 rats
40 creatures vanquished.

Notes
Turn   | Place    | Note
-------+----------+-------------------------------------------
     0 | D:1      | mopl the Tengu Skald began the quest for the Orb.
     0 | D:1      | Reached XP level 1. HP: 12/12 MP: 4/4
   103 | D:1      | Reached XP level 2. HP: 11/17 MP: 6/6
   107 | D:1      | Learned a level 2 spell: Song of Slaying
   110 | D:1      | Learned a level 2 spell: Shroud of Golubria
   152 | D:1      | Reached skill level 3 in Long Blades
   539 | D:1      | Reached XP level 3. HP: 21/21 MP: 7/7
   933 | D:2      | Reached skill level 4 in Long Blades
  1308 | D:2      | Reached XP level 4. HP: 20/26 MP: 3/8
  1410 | D:2      | Noticed Terence
  1424 | D:2      | Killed from afar by Terence

Skill      XL: |  1  2  3 |
---------------+----------+-----
Long Blades    | 3 4 |  4.7
Fighting       | |  2.0
Armour         | |  1.1
Dodging        | |  2.1
Spellcasting   | |  2.0
Charms         | |  2.4

Action                   |  1- 3 |  4- 6 || total
-------------------------+-------+-------++-------
Melee: Falchion          |    78 |     7 ||    85
       Kick              |    15 |     2 ||    17
       Peck              |    14 |       ||    14
 Cast: Infusion          |     4 |     2 ||     6
       Shroud of Golubri |       |     1 ||     1
  Use: Scroll            |       |     6 ||     6
 Stab: Sleeping          |     1 |     1 ||     2
  Eat: Chunk             |     1 |     1 ||     2
Armor: Leather armour    |    17 |       ||    17
Dodge: Dodged            |    53 |     3 ||    56
       Rpst.: Falchion   |    20 |     1 ||    21
